 Dungeon Crawl Stone Soup version 0.18-a0-946-g3ac5b32 (webtiles) character file.

347 Duffy the Slasher (level 6, -1/57 HPs)
             Began as a Deep Dwarf Gladiator on Dec 30, 2015.
             Slain by terkiey's ghost (12 damage)
             ... on level 4 of the Dungeon.
             The game lasted 00:04:52 (2407 turns).

Duffy the Slasher (Deep Dwarf Gladiator)            Turns: 2407, Time: 00:04:52

Health: -1/57      AC: 11    Str: 18    XL:     6   Next: 32%
Magic:  6/6        EV:  9    Int:  9    God:
Gold:   164        SH:  0    Dex: 18    Spells: 0 memorised, 5 levels left

rFire  . . .     SeeInvis .     n - +0 scimitar
rCold  . . .     Gourm    .     v - +0 chain mail
rNeg   . . .     Faith    .     (no shield)
rPois  +         Spirit   .     c - +0 helmet
rElec  .         Dismiss  .     (no cloak)
rCorr  .         Reflect  .     z - +0 pair of gloves
SustAt .         Harm     .     (no boots)
MR     .....                    (no amulet)
Stlth  ..........               r - ring of poison resistance
                                g - +3 ring of dexterity

@: non-regenerating, not resistant to hostile enchantments, extremely unstealthy
A: damage resistance, recharge devices, sense surroundings 1, slow regeneration
3
a: Device Recharging


You were on level 4 of the Dungeon.
You were not hungry.

You visited 1 branch of the dungeon, and saw 4 of its levels.

You collected 164 gold pieces.


Innate Abilities, Weirdness & Mutations

You are resistant to damage.
You can recharge devices by infusing magical energy.
You passively map a small area around you.
You do not regenerate naturally.


   Skills:
 - Level 4.0 Fighting
 + Level 5.3 Long Blades
 - Level 2.0 Throwing
 + Level 2.2 Armour
 - Level 3.2 Dodging


You had 5 spell levels left.
You didn't know any spells.

Inventory:

Hand Weapons
 n - a +0 scimitar (weapon)
Missiles
 d - 3 throwing nets (quivered)
 t - 6 javelins of returning
Armour
 c - a +0 helmet (worn)
 v - a +0 chain mail (worn)
 z - a +0 pair of gloves (worn)
Jewellery
 g - a +3 ring of dexterity (left hand)
 r - a ring of poison resistance (right hand)
Wands
 e - a wand of heal wounds (2/9)
Scrolls
 j - 2 scrolls of identify {unknown}
 m - a scroll of immolation {unknown}
 p - 2 scrolls of enchant armour {unknown}
 x - a scroll of amnesia {unknown}
 y - a scroll of recharging {unknown}
Potions
 k - 2 potions of haste {unknown}
 l - a potion of heal wounds {unknown}
 o - a potion of mutation {unknown}
 q - a potion of lignification {unknown}
 w - a potion of poison {unknown}
Comestibles
 f - 4 bread rations
 i - 4 fruits
 s - a slice of pizza
 u - 3 chunks of flesh
 A - a meat ration

Dungeon Overview and Level Annotations

Branches:
Dungeon (4/15)
 Temple: D:4-7

Altars:
Fedhas
Trog
Yredelemnul
Zin
The Shining One

Annotations:
D:4 terkiey's ghost, amateur FeMo


Message History

No target in view!
f - 4 bread rations (gained 1)
Found a glowing hunting sling.
Terkiey's ghost (amateur Felid Monk) comes into view.
Terkiey's ghost turns its malevolent gaze towards you.
Terkiey's ghost stares at you.
Terkiey's ghost says, "I thought violence couldn't solve anything, but it solved me."
Terkiey's ghost hits you!
You completely miss terkiey's ghost. Terkiey's ghost hits you.
You are too injured to fight recklessly!
You are too injured to fight recklessly!
You are too injured to fight recklessly!
You are too injured to fight recklessly!
You are too injured to fight recklessly!
You are too injured to fight recklessly!
You are too injured to fight recklessly!
You are too injured to fight recklessly!
You are too injured to fight recklessly!
You are too injured to fight recklessly!
You are too injured to fight recklessly!
You are too injured to fight recklessly!
You are too injured to fight recklessly!
You are too injured to fight recklessly!
You are too injured to fight recklessly!
You are too injured to fight recklessly!
You are too injured to fight recklessly!
You are too injured to fight recklessly!
You are too injured to fight recklessly!
You miss terkiey's ghost. Terkiey's ghost hits you.
You miss terkiey's ghost. Terkiey's ghost hits you.
You completely miss terkiey's ghost. Terkiey's ghost hits you.
Terkiey's ghost hits you but does no damage.
You miss terkiey's ghost. Terkiey's ghost hits you!
You miss terkiey's ghost. Terkiey's ghost hits you!
You die...

###..###
*###.####..#
#..# ...# #..#
, * *#..#
#.#### #..#
...# #, #..##
## #...# ,
#.#.# * *
#.#.# , *
##.#######.#.#
* * * *
#)...W@....#.#
#..#########.#
#.# * * * #.#
* , , ... ,, ,
* #.#* , , *


You could see terkiey's ghost.

Action                   |  1- 3 |  4- 6 || total
-------------------------+-------+-------++-------
Melee: Long sword        |   106 |       ||   106
       Scimitar          |    50 |   243 ||   293
Evoke: Wand              |       |     3 ||     3
 Stab: Sleeping          |     1 |       ||     1
  Eat: Chunk             |     1 |     5 ||     6

Notes
Turn   | Place    | Note
--------------------------------------------------------------
     0 | D:1      | Duffy the Deep Dwarf Gladiator began the quest for the Orb.
     0 | D:1      | Reached XP level 1. HP: 19/19 MP: 1/1
    37 | D:1      | Reached skill level 2 in Throwing
    82 | D:1      | Reached skill level 2 in Fighting
   115 | D:1      | Reached XP level 2. HP: 24/26 MP: 2/2
   451 | D:1      | Reached XP level 3. HP: 25/33 MP: 3/3
   868 | D:2      | Found a basalt altar of Yredelemnul.
   873 | D:2      | Found a glowing golden altar of the Shining One.
   875 | D:2      | Noticed an angel
   950 | D:2      | Found a faded altar to an unknown god.
  1115 | D:2      | Reached skill level 3 in Fighting
  1138 | D:2      | Reached XP level 4. HP: 28/42 MP: 4/4
  1203 | D:2      | Reached skill level 4 in Long Blades
  1432 | D:3      | Found a glowing silver altar of Zin.
  1523 | D:3      | Found a blossoming altar of Fedhas.
  1524 | D:3      | Noticed Daviar's ghost (amateur VSMo)
  1684 | D:3      | Reached XP level 5. HP: 37/49 MP: 5/5
  1912 | D:3      | Reached skill level 4 in Fighting
  1989 | D:3      | Killed Daviar's ghost
  1989 | D:3      | Reached skill level 5 in Long Blades
  1989 | D:3      | Reached skill level 1 in Armour
  1989 | D:3      | Reached XP level 6. HP: 31/57 MP: 6/6
  2266 | D:3      | Found a bloodstained altar of Trog.
  2296 | D:4      | Reached skill level 2 in Armour
  2399 | D:4      | Noticed terkiey's ghost (amateur FeMo)
  2407 | D:4      | Slain by terkiey's ghost

Vault maps used:
D:1:      dpeg_arrival_fog, minivault_23
D:2:      grunt_temple_overflow_holy_war, ecumenical_altar_2, first_bread,
          lemuel_flame_loot_1
D:3:      lemuel_crystal_altar, fedhas_altar_1, nicolae_overflow_hidden_temple,
          gup_sewer_entry_bubbles
D:4:      grunt_temple_overflow_open, grunt_tough_drop

Vanquished Creatures
  The ghost of Daviar the Ruffian, an amateur VSMo
  An orc priest
  An orc wizard
  7 gnolls
  3 adders
  4 oozes
  An adder skeleton
  2 worms
  7 giant geckos
  11 orcs
  2 ball pythons
  13 bats
  5 hobgoblins
  2 quokkas
  6 giant cockroaches
  A giant gecko skeleton
  5 giant newts
  7 goblins
  9 kobolds
  9 rats
97 creatures vanquished.
